Unix NetHack Version 5.0.0-0 post-release - last build May 23 2026 06:08:33 (1c0ff79ee797540d5714e4e18072db0edd9e58ae,branch:main).

Game began 2026-05-29 22:07:18, ended 2026-05-29 22:52:51.

ARFwashere, chaotic male elven Wizard

                                                   --
                                    --   --------  .|
                                    |..GG%G..@.f)...-
                                    --   --------  ..|
                                                    --

ARFwashere the Conjurer   St:10 Dx:13 Co:16 In:16 Wi:9 Ch:11  Chaotic
Dlvl:5  $:133 HP:0(34) Pw:56(57) AC:7  Xp:5 T:2886 

Latest messages:
 You miss yeovil's ghost.
 You miss yeovil's ghost.
 You miss yeovil's ghost.
 You miss yeovil's ghost.
 You miss yeovil's ghost.
 You miss yeovil's ghost.
 Yeovil's ghost touches you!
 You miss yeovil's ghost.
 Yeovil's ghost touches you!
 You miss yeovil's ghost.
 You miss yeovil's ghost.
 Yeovil's ghost touches you!
 You miss yeovil's ghost.
 You miss yeovil's ghost.
 You miss yeovil's ghost.
 You miss yeovil's ghost.
 You miss yeovil's ghost.
 Yeovil's ghost touches you!
 You miss yeovil's ghost.
 You miss yeovil's ghost.
 You miss yeovil's ghost.
 You miss yeovil's ghost.
 You miss yeovil's ghost.
 Yeovil's ghost touches you!
 You hit yeovil's ghost!
 Your hands no longer glow so brightly red.
 Yeovil's ghost appears confused.
 The kitten misses yeovil's ghost.
 You hit yeovil's ghost!
 The kitten misses yeovil's ghost.
 The kitten misses yeovil's ghost.
 The kitten misses yeovil's ghost.
 The giant ant bites!
 You hit the giant ant!
 Your hands no longer glow so brightly red.
 The giant ant appears confused.
 The giant ant bites!
 The kitten whimpers.
 You hear someone counting gold coins.
 You descend the stairs.
 There is a branch staircase up to the Dungeons of Doom here.
 You see here a dagger.
 The gnome lord throws a dagger!
 You are hit by a dagger.
 You die...
 Do you want your possessions identified? [ynq] (y) y
 Do you want to see your attributes? [ynq] (y) y
 Do you want an account of creatures vanquished? [ynaq] (y) y
 Do you want to see your conduct and achievements? [ynq] (y) y
 Do you want to see the dungeon overview? [ynq] (y) y

Inventory:
 Coins    ('$')
  $ - 133 gold pieces
 Weapons  (')')
  a - a blessed +1 quarterstaff (weapon in hands)
 Armor    ('[')
  b - an uncursed +0 cloak of magic resistance (being worn)
  s - an uncursed +0 leather armor (being worn)
 Comestibles  ('%')
  p - 3 uncursed food rations
  x - an uncursed lembas wafer
 Scrolls  ('?')
  M - an uncursed scroll of amnesia
  w - an uncursed scroll of blank paper
  L - 2 uncursed scrolls of confuse monster
  i - 3 uncursed scrolls of create monster
  F - 3 uncursed scrolls of destroy armor
  E - an uncursed scroll of earth
  Q - an uncursed scroll of enchant armor
  K - an uncursed scroll of enchant weapon
  P - 2 uncursed scrolls of enchant weapon
  S - an uncursed scroll of fire
  y - 5 uncursed scrolls of identify
  R - an uncursed scroll of light
  j - an uncursed scroll of magic mapping
  C - 2 uncursed scrolls of remove curse
  z - 2 blessed scrolls of teleportation
  A - an uncursed scroll of teleportation
 Potions  ('!')
  h - an uncursed potion of gain energy
  v - an uncursed potion of object detection
  f - an uncursed potion of restore ability
  g - an uncursed potion of sleeping
 Rings    ('=')
  d - an uncursed ring of cold resistance
  e - an uncursed ring of conflict
 Wands    ('/')
  q - a wand of lightning (0:6)
  I - a wand of magic missile (0:4)
  B - a wand of magic missile (0:2)
  T - a wand of sleep (0:7)
  c - a wand of stasis (0:3)
 Tools    ('(')
  o - an uncursed bugle
  H - an uncursed leash (attached to your kitten)
  n - a magic marker (0:21)
 Gems/Stones  ('*')
  J - an uncursed jasper stone
  t - an uncursed worthless piece of green glass

ARFwashere the Wizard's attributes:

Background:
 You were a Conjurer, a level 5 male elven Wizard.
 You were chaotic, on a mission for Anhur
 who was opposed by Ptah (lawful) and Thoth (neutral).
 You were right-handed.
 You were in the Gnomish Mines, on level 5.
 You entered the dungeon 2886 turns ago.
 It was nighttime.
 You had 176 experience points, 144 more were needed to attain level 6.

Basics:
 You had 0 out of 34 hit points.
 You had 56 out of 57 energy points (spell power).
 Your armor class was 7.
 Your wallet contained 133 zorkmids.
 Autopickup was on for '$' plus thrown.

Final Characteristics:
 Your strength was 10 (limit:18).
 Your dexterity was 13 (limit:18).
 Your constitution was 16 (limit:16).
 Your intelligence was 16 (limit:20).
 Your wisdom was 9 (limit:20).
 Your charisma was 11 (limit:18).

Final Status:
 You weren't hungry.
 You were unencumbered.
 You were wielding a quarterstaff.
 You had basic skill with quarterstaff.

Final Attributes:
 You were piously aligned.
 You were magic-protected.
 You were sleep resistant.
 You had infravision.
 You would have confused monsters when hitting them.
 You were warded.
 You are dead.

Miscellaneous:
 You encountered 1 bones level.
 Total elapsed playing time was 43 minutes.

Major events:
 Turn
    1: ARFwashere the chaotic male elven Wizard entered the dungeon
  823: attained the rank of Conjurer (level 3)
 1409: read a Discworld novel
 2674: entered the Gnomish Mines
 2886: killed by a dagger

Spells:
 Name                 Level Category     Fail Retention
 force bolt             1   attack         0%   81%-90%
 identify               3   divination    96%  76%-100%

Skills:
 Fighting Skills
   bare handed combat [Unskilled]
   riding             [Unskilled]
 Weapon Skills
   dagger             [Unskilled]
   knife              [Unskilled]
   axe                [Unskilled]
   short sword        [Unskilled]
   club               [Unskilled]
   mace               [Unskilled]
   quarterstaff       [Basic]
   polearms           [Unskilled]
   spear              [Unskilled]
   trident            [Unskilled]
   sling              [Unskilled]
   dart               [Unskilled]
   shuriken           [Unskilled]
 Spellcasting Skills
   attack spells      [Basic]
   healing spells     [Unskilled]
   divination spells  [Unskilled]
   enchantment spells [Basic]
   clerical spells    [Unskilled]
   escape spells      [Unskilled]
   matter spells      [Unskilled]

Voluntary challenges:
 Character rerolling was not enabled.
 You never genocided any monsters.
 You never polymorphed an object.
 You never changed form.
 You used no wishes.
Achievements:
 You entered a shop.
 You attained the rank of Conjurer.
 You read from a Discworld novel.
 You entered the Gnomish Mines.

 The Dungeons of Doom: levels 1 to 5
    Level 1:
    Level 2:
       A scroll shop.
    Level 3:
       A scroll shop.
    Level 4:
       Stairs down to The Gnomish Mines.
    Level 5:
 The Gnomish Mines:
    Level 5: <- You were here.
       A grave.
       Final resting place for
          you, killed by a dagger,
          yeovil-Wiz-Hum-Mal-Neu, killed by a gnome.


Vanquished creatures:
  a pony
  a gnome leader
  a little dog
  a floating eye
  a kitten
  a homunculus
  a rothe
  a giant bat
  a wererat
  2 iguanas
 an acid blob
  a gas spore
  a hobbit
  a brown mold
  a gnome
  a gecko
  6 jackals
  5 foxes
  a kobold
  2 goblins
  a grid bug
  5 lichens
  5 newts
42 creatures vanquished.

No species were genocided or became extinct.

Game over:
                       ----------
                      /          \
                     /    REST    \
                    /      IN      \
                   /     PEACE      \
                  /                  \
                  |    ARFwashere    |
                  |      133 Au      |
                  |   killed by a    |
                  |      dagger      |
                  |                  |
                  |                  |
                  |       2026       |
                 *|     *  *  *      | *
        _________)/\\_//(\/(/\)/\//\/|_)_______

Goodbye ARFwashere the Wizard...

You died in The Gnomish Mines on dungeon level 5 with 1074 points,
and 133 pieces of gold, after 2886 moves.
You were level 5 with a maximum of 34 hit points when you died.

